 Dungeon Crawl Stone Soup version 0.27-a0-1525-g1038ab4fd7 (webtiles) character file.

Game seed: 17689043491002911187

66774 emailingrobin the Severer (level 14, -6/127 HPs)
             Began as a Minotaur Berserker on July 10, 2021.
             Was a High Priest of Trog.
             Killed from afar by Louise (38 damage)
             ... with a bolt of lightning
             ... on level 2 of the Snake Pit.
             The game lasted 01:30:05 (17311 turns).

emailingrobin the Severer (Minotaur Berserker)     Turns: 17311, Time: 01:30:06

Health: -6/127     AC: 25    Str: 27    XL:     14   Next: 80%
Magic:  13/13      EV:  4    Int:  9    God:    Trog [*****.]
Gold:   774        SH: 22    Dex: 12    Spells: 13/13 levels left

rFire    + + .     SeeInvis .   N - +2 broad axe (vorpal)
rCold    + . .     Faith    .   F - +0 tower shield
rNeg     . . .     Spirit   .   V - +1 crystal plate armour of Cowardice {rC+ Stlth+}
rPois    +         Reflect  .   (helmet restricted)
rElec    .         Harm     .   A - +0 cloak
rCorr    +         Rampage  .   u - +0 pair of gloves
Will     +++..                  (no boots)
Stlth    ..........             i - amulet of regeneration
HPRegen  2.31/turn              y - ring of Bamuef {rF+ rCorr Str+2 Int+3}
MPRegen  0.13/turn              q - ring of a Billion Orbs {rPois rF+ Int+2 Stlth+}

@: strong-willed, on berserk cooldown, regenerating, slowed, studying
Spellcasting, very slow
A: horns 2, retaliatory headbutt
a: Renounce Religion, Berserk, Trog's Hand, Brothers in Arms


You were on level 2 of the Snake Pit.
You worshipped Trog.
Trog was extremely pleased with you.
You visited 4 branches of the dungeon, and saw 19 of its levels.
You also visited: Ossuary.

You collected 1253 gold pieces.
You spent 479 gold pieces at shops.

Inventory:

Hand Weapons
 N - a +2 vorpal broad axe (weapon)
 Q - the +10 trident of Analysis {vorpal, rF+ rC+}
   (You found it on level 2 of the Lair of Beasts)

   It inflicts extra damage upon your enemies.
   rF:        It protects you from fire.
   rC:        It protects you from cold.
Missiles
 d - 106 poisoned darts
 l - 2 atropa-tipped darts
 x - 13 curare-tipped darts (quivered)
 D - 5 throwing nets
Armour
 u - a +0 pair of gloves (worn)
 A - a +0 cloak (worn)
 F - a +0 tower shield (worn)
 V - the +1 crystal plate armour of Cowardice (worn) {rC+ Stlth+}
   (You found it on level 3 of the Lair of Beasts)

   rC:        It protects you from cold.
   Stlth:     It makes you more stealthy.
Jewellery
 i - an amulet of regeneration (around neck)
 o - a +6 ring of strength
 q - the ring of a Billion Orbs (right hand) {rPois rF+ Int+2 Stlth+}
   (You bought it in a shop on level 3 of the Dungeon)

   [ring of poison resistance]

   Int:       It affects your intelligence (+2).
   rF:        It protects you from fire.
   rPois:     It protects you from poison.
   Stlth:     It makes you more stealthy.
 y - the ring of Bamuef (left hand) {rF+ rCorr Str+2 Int+3}
   (You found it on level 11 of the Dungeon)

   [ring of protection from fire]

   Str:       It affects your strength (+2).
   Int:       It affects your intelligence (+3).
   rF:        It protects you from fire.
   rCorr:     It protects you from acid and corrosion.
 C - a ring of protection from fire
 M - the ring "Ecisaoptu" {rF+ rC- Int+2 Dex+2}
   (You found it on level 9 of the Dungeon)

   [ring of protection from fire]

   Int:       It affects your intelligence (+2).
   Dex:       It affects your dexterity (+2).
   rF:        It protects you from fire.
   rC:        It makes you vulnerable to cold.
 W - the ring "Geplabur" {Dex+5 SInv}
   (You found it on level 11 of the Dungeon)

   [ring of see invisible]

   Dex:       It affects your dexterity (+5).
   SInv:      It lets you see invisible.
Wands
 s - a wand of polymorph (24)
 E - a wand of flame (21)
 G - a wand of digging (9)
 J - a wand of acid (8)
 O - a wand of charming (9)
 P - a wand of iceblast (6)
Scrolls
 c - 2 scrolls of amnesia {unknown}
 e - 2 scrolls of vulnerability {unknown}
 f - 4 scrolls of magic mapping {unknown}
 h - 5 scrolls of identify
 p - a scroll of enchant armour {unknown}
 t - a scroll of fog {unknown}
 v - a scroll of silence {unknown}
 w - a scroll of torment {unknown}
 B - 6 scrolls of fear {unknown}
 H - a scroll of holy word {unknown}
 I - 4 scrolls of teleportation {unknown}
 L - 2 scrolls of immolation {unknown}
 R - 4 scrolls of brand weapon {unknown}
 S - 2 scrolls of enchant weapon {unknown}
 Y - a scroll of summoning {unknown}
Potions
 a - 4 potions of mutation
 b - 3 potions of cancellation
 g - 2 potions of berserk rage
 j - 2 potions of lignification
 k - 8 potions of curing
 m - 3 potions of heal wounds
 n - 3 potions of brilliance
 r - a potion of ambrosia {unknown}
 z - 3 potions of flight
 K - 5 potions of degeneration {unknown}
 T - a potion of haste {unknown}
 U - a potion of magic {unknown}
 Z - a potion of invisibility {unknown}
Miscellaneous
 X - a lightning rod (4/4)


   Skills:
 + Level 12.3 Fighting
 - Level 18.0(18.1) Axes
 + Level 4.9(13.0) Polearms
 - Level 6.0 Throwing
 - Level 11.3 Armour
 - Level 2.3 Dodging
 * Level 16.6 Shields


You had 13 spell levels left.
You didn't know any spells.
Your spell library contained the following spells:

 Spells                   Type           Power      Damage    Failure   Level
 Sandblast                Erth           0%         2d4       100%        1
 Blink                    Tloc           N/A        N/A       100%        2
 Passwall                 Tmut/Erth      0%         N/A       100%        2
 Gell's Gravitas          Tloc           0%         N/A       100%        3
 Ignite Poison            Fire/Tmut/Pois 0%         N/A       100%        3
 Lesser Beckoning         Tloc           0%         N/A       100%        3
 Mephitic Cloud           Conj/Pois/Air  0%         N/A       100%        3
 Stone Arrow              Conj/Erth      0%         3d7       100%        3
 Teleport Other           Tloc           0%         N/A       100%        3
 Animate Dead             Necr           0%         N/A       100%        4
 Bolt of Magma            Conj/Fire/Erth 0%         4d4       100%        5
 Borgnjor's Vile Clutch   Necr/Erth      0%         N/A       100%        5
 Lee's Rapid Deconstruct  Erth           0%         3d5*      100%        5
 Manifold Assault         Tloc           0%         N/A       100%        5
 Death Channel            Necr           0%         N/A       100%        6
 Dispersal                Tloc           0%         N/A       100%        6
 Disjunction              Tloc           0%         N/A       100%        8
 Shatter                  Erth           0%         3d5*      100%        9


Dungeon Overview and Level Annotations

Branches:
Dungeon (11/15)            Temple (0/1) D:4            Lair (4/6) D:10
 Shoals (0/4) Lair:4        Snake (2/4) Lair:2          Orc (2/2) D:9
    Elf (0/3) Orc:2       Ossuary (visited)

Altars:
Ashenzari
Cheibriados
Fedhas
Xom
The Shining One
Beogh

Shops:
D:3 =   D:4 *   D:7 ?   Orc:2 [=([

Annotations:
Snake:2 Louise


Innate Abilities, Weirdness & Mutations

You have a pair of horns on your head.
You reflexively headbutt those who attack you in melee.


Message History

The stone arrow hits you!! Louise gestures at you while chanting.
You block the stone arrow.
You are too injured to fight recklessly!
You are too injured to fight recklessly!
You are too injured to fight recklessly!
You are too injured to fight recklessly!
You are too injured to fight recklessly!
Your troll goes berserk!
You block Louise's attack.
Louise gibbers incoherently.
Louise casts a spell at you. You block the stone arrow.
Louise casts a spell at you. The bolt of lightning hits you!!
* * * LOW HITPOINT WARNING * * *
The bolt of lightning hits your troll!!!
You swap places.
Louise hits your troll with a +3 trident of freezing!!
Louise freezes your troll!
Your troll dies!
Your troll's corpse disappears in a puff of smoke!
Your skin crawls.
You feel strong-willed.
Louise points at you and mumbles some strange words.
You resist with almost no effort.
Okay, then.
Aiming: Corrosive Bolt
Press: ? - help, Shift-Dir - straight line, f - Louise
Aim: Louise, wielding a +3 trident of freezing, wearing a +3 chain mail of willpower and wearing a +0 tower shield (86% to hit)
The bolt of acid hits Louise.
Louise is splashed with acid.
The acid corrodes Louise!
Louise is lightly wounded.
Louise hits you from afar with a +3 trident of freezing!
* * * LOW HITPOINT WARNING * * *
Louise freezes you.
* * * LOW HITPOINT WARNING * * *
Louise casts a spell at you. The bolt of lightning hits you!!!
You die...

#.......# #.
#.......# #.
#.......# #.
##.......# #.
#........# #.
#..###..#####. #.##
#..# #... . #####.#
#..# #...
....######@))..#
#..# #...
........@...)..#
#..# ###.
..##############
#..# #. #..# #.
#..# #.
################..#
#.
..................#
..
............#######
#.. ........#####
..


You could see Louise (corroded).

Vanquished Creatures
  Saint Roka (Orc:2)
  Roxanne (Snake:2)
  An orc warlord (D:9)
  Snorg (Orc:2)
  Harold (D:7)
  3 hydras
  3 boulder beetles
  4 naga warriors
  3 anacondas
  Erica (Orc:1)
  8 death yaks (Lair:4)
  3 two-headed ogres
  An orc high priest (Orc:2)
  A naga sharpshooter (Snake:1)
  A salamander mystic (Snake:2)
  A deep troll (D:11)
  A naga ritualist (Snake:1)
  Pikel (D:5)
  3 orc knights
  An oklob plant (Lair:4)
  2 mana vipers (Snake:1)
  4 cyclopes
  7 salamanders
  An ugly thing (D:11)
  A manticore (D:11)
  A molten gargoyle (Lair:2)
  8 black mambas
  2 naga magi
  A merfolk siren (Lair:4)
  7 cane toads
  2 guardian serpents (Snake:1)
  An unseen horror (D:11)
  3 komodo dragons
  4 kobold demonologists (D:11)
  Maggie (D:6)
  A rime drake (shapeshifter) (D:11)
  A tengu conjurer (D:11)
  Grinder (D:5)
  A troll (Orc:2)
  A polar bear (Lair:4)
  A hornet (D:10)
  6 blink frogs
  Prince Ribbit (D:6)
  7 dream sheep (Lair:4)
  24 yaks
  A wraith (D:11)
  2 shadows
  A vampire (D:11)
  4 wyverns
  4 basilisks
  2 steam dragons (D:11)
  A fire elemental (Lair:2)
  Eustachio (D:6)
  3 vampire mosquitoes
  2 wargs
  Menkaure (D:5)
  2 acid dragons (D:11)
  11 nagas
  2 hell hounds (Lair:3)
  9 water moccasins
  32 orc warriors
  2 ice beasts
  A hornet zombie (D:9)
  5 black bears
  6 ogres
  8 centaurs
  5 wolves (Lair:3)
  4 kobold brigands
  5 bullfrogs
  5 scorpions
  A gnoll sergeant (D:8)
  5 wights (D:8)
  A vampire bat (Lair:4)
  4 electric eels (Lair:2)
  6 howler monkeys
  4 centaur zombies
  2 lava snakes (Lair:2)
  3 hounds
  Crazy Yiuf (D:6)
  21 orc priests
  3 iguanas
  A centaur skeleton (D:6)
  22 orc wizards
  A killer bee zombie (D:8)
  2 mummies (Ossuary)
  A howler monkey zombie (D:7)
  11 gnolls
  4 adders
  2 white imps
  2 ufetubi
  2 adder zombies
  A worm (D:2)
  2 dart slugs
  86 orcs
  8 bats
  6 endoplasms
  2 giant cockroaches
  10 goblins
  5 hobgoblins
  3 jackals (D:3)
  26 kobolds
  A quokka (D:2)
  6 ball pythons
  2 frilled lizards
  4 goblin zombies
  8 hobgoblin zombies (Ossuary)
  3 jackal zombies (Ossuary)
  10 kobold zombies (Ossuary)
  8 orc zombies (Ossuary)
  6 rats
  3 rat zombies (Ossuary)
  A bush (Lair:4)
548 creatures vanquished.

Vanquished Creatures (collateral kills)
  Aizul (Snake:1)
  A hydra (Lair:1)
  The ghost of Phlounder the Thaumaturge, a journeyman DjFE of Makhleb (Lair:1)
  Sonja (D:10)
  A cane toad (Lair:1)
  A komodo dragon (Lair:1)
  2 blink frogs (Lair:1)
8 creatures vanquished.

Vanquished Creatures (others)
  8 fungi
  33 plants
41 creatures vanquished.

Grand Total: 597 creatures vanquished

Notes
Turn   | Place    | Note
-------+----------+-------------------------------------------
     0 | D:1      | emailingrobin the Minotaur Berserker began the quest for
                  | the Orb.
     0 | D:1      | Reached XP level 1. HP: 19/19 MP: 0/0
    41 | D:1      | Reached XP level 2. HP: 16/27 MP: 1/1
   165 | D:1      | Reached skill level 4 in Axes
   397 | D:1      | Found a faded altar of an unknown god.
   445 | D:1      | Reached ** piety under Trog
   452 | D:1      | Reached XP level 3. HP: 31/33 MP: 2/2
   833 | D:2      | Found a blossoming altar of Fedhas.
  1409 | D:2      | Reached skill level 5 in Axes
  1409 | D:2      | Reached skill level 1 in Shields
  1533 | D:2      | Reached XP level 4. HP: 40/40 MP: 3/3
  1912 | D:3      | Found Zigri's Jewellery Shoppe.
  2303 | D:4      | Noticed an orc warrior
  2310 | D:4      | Reached XP level 5. HP: 9/47 MP: 4/4
  2311 | D:4      | Reached skill level 6 in Axes
  2311 | D:4      | Killed an orc warrior
  2312 | D:4      | Reached XP level 6. HP: 12/53 MP: 5/5
  2364 | D:4      | Found Ustoeduewk's Gadget Gallery.
  2399 | D:4      | Found a staircase to the Ecumenical Temple.
  2412 | D:4      | Reached skill level 7 in Axes
  2452 | D:4      | Found a sand-covered staircase.
  2462 | Ossuary  | Entered an ossuary
  2519 | Ossuary  | Reached *** piety under Trog
  2914 | D:4      | Reached skill level 8 in Axes
  2914 | D:4      | Reached XP level 7. HP: 33/60 MP: 6/6
  3097 | D:4      | Reached skill level 5 in Fighting
  3487 | D:5      | Entered Level 5 of the Dungeon
  3487 | D:5      | Noticed Grinder
  3509 | D:5      | Killed Grinder
  3510 | D:5      | Reached skill level 9 in Axes
  3594 | D:5      | Reached XP level 8. HP: 67/68 MP: 7/7
  3608 | D:5      | Reached **** piety under Trog
  3688 | D:5      | Reached skill level 1 in Throwing
  3783 | D:5      | Noticed Menkaure
  3789 | D:5      | Killed Menkaure
  3790 | D:5      | Reached skill level 5 in Armour
  3828 | D:5      | Found a shimmering altar of Xom.
  3839 | D:5      | Noticed Pikel
  3850 | D:5      | Killed Pikel
  3851 | D:5      | Reached skill level 10 in Axes
  4066 | D:5      | Reached skill level 5 in Shields
  4149 | D:5      | Found a glowing golden altar of the Shining One.
  4430 | D:6      | Noticed Maggie
  4430 | D:6      | Noticed Eustachio
  4437 | D:6      | Killed Maggie
  4438 | D:6      | Reached skill level 11 in Axes
  4438 | D:6      | Reached XP level 9. HP: 75/75 MP: 8/8
  4439 | D:6      | Killed Eustachio
  4540 | D:6      | Noticed Prince Ribbit
  4557 | D:6      | Killed Prince Ribbit
  4567 | D:6      | Reached skill level 12 in Axes
  4797 | D:6      | Found a runed translucent door.
  4798 | D:6      | Noticed Crazy Yiuf
  4805 | D:6      | Killed Crazy Yiuf
  5225 | D:7      | Noticed Harold
  5232 | D:7      | Killed Harold
  5233 | D:7      | Reached XP level 10. HP: 86/86 MP: 9/9
  5265 | D:7      | Reached skill level 13 in Axes
  5332 | D:7      | Reached ***** piety under Trog
  5347 | D:7      | Found Urytyt's Magic Scroll Shoppe.
  5612 | D:7      | Found a broken altar of Ashenzari.
  5876 | D:8      | Identified the -3 pair of gloves "Kufuorhutsu" {rN+ Str-4
                  | Int+3}
  6275 | D:8      | Found a snail-covered altar of Cheibriados.
  6522 | D:7      | Bought a scroll of identify for 28 gold pieces
  6656 | D:9      | Noticed an eight-headed hydra
  6798 | D:9      | Noticed a boulder beetle
  6845 | D:9      | Killed a boulder beetle
  6846 | D:9      | Reached skill level 14 in Axes
  6938 | D:9      | Found a staircase to the Orcish Mines.
  6951 | D:9      | Noticed a two-headed ogre
  7081 | D:9      | Killed a two-headed ogre
  7146 | D:9      | Identified the ring "Ecisaoptu" {rF+ rC- Int+2 Dex+2}
  7225 | D:9      | Received a gift from Trog
  7319 | D:9      | Killed a nine-headed hydra
  7320 | D:9      | Reached XP level 11. HP: 39/94 MP: 10/10
  7539 | D:10     | Entered Level 10 of the Dungeon
  7539 | D:10     | Noticed a two-headed ogre
  7544 | D:10     | Killed a two-headed ogre
  7602 | D:10     | Noticed Sonja
  7621 | D:10     | Killed Sonja
  7965 | D:10     | Reached skill level 15 in Axes
  8067 | D:10     | Found a staircase to the Lair.
  8396 | D:3      | Bought the ring of a Billion Orbs {rPois rF+ Int+2 Stlth+}
                  | for 451 gold pieces
  8846 | Lair:1   | Entered Level 1 of the Lair of Beasts
  8870 | Lair:1   | Found a runed translucent gate.
  8870 | Lair:1   | Found a runed translucent gate.
  8870 | Lair:1   | Found a runed translucent gate.
  8870 | Lair:1   | Noticed Phlounder's ghost (journeyman DjFE)
  9102 | Lair:1   | Noticed a six-headed hydra
  9114 | Lair:1   | Killed a seven-headed hydra
  9668 | Lair:1   | Killed Phlounder's ghost
  9735 | Lair:2   | Reached skill level 10 in Shields
  9768 | Lair:2   | Reached skill level 16 in Axes
  9786 | Lair:2   | Identified the +10 trident of Analysis {vorpal, rF+ rC+}
  9905 | Lair:2   | Reached XP level 12. HP: 103/103 MP: 11/11
 10037 | Lair:2   | Found a staircase to the Snake Pit.
 10288 | Lair:2   | Noticed a seven-headed hydra
 10322 | Lair:2   | Killed an eight-headed hydra
 10930 | Orc:1    | Entered Level 1 of the Orcish Mines
 10931 | Orc:1    | Noticed Erica
 10940 | Orc:1    | Killed Erica
 10946 | Orc:1    | Noticed an orc warlord
 11000 | D:9      | Reached skill level 10 in Armour
 11064 | D:9      | Killed an orc warlord
 11390 | Orc:2    | Entered Level 2 of the Orcish Mines
 11390 | Orc:2    | Noticed Snorg
 11457 | Orc:2    | Killed Snorg
 11462 | Orc:2    | Reached skill level 17 in Axes
 11601 | Orc:2    | Found Rischoh's Jewellery Emporium.
 11712 | Orc:2    | Received a gift from Trog
 11719 | Orc:2    | Noticed Saint Roka
 11743 | Orc:2    | Found a staircase to the Elven Halls.
 11849 | Orc:2    | Killed Saint Roka
 11850 | Orc:2    | Reached XP level 13. HP: 104/111 MP: 12/12
 12148 | Orc:2    | Reached skill level 18 in Axes
 12158 | Orc:2    | Found Evoley's Antique Weapon Boutique.
 12162 | Orc:2    | Found Ezazummo's Antique Armour Shop.
 12568 | Orc:2    | Found Qomaed's Armour Emporium.
 12779 | D:11     | Reached skill level 10 in Fighting
 13074 | D:11     | Found a runed translucent door.
 13107 | D:11     | Received a gift from Trog
 13108 | D:11     | Identified the ring of Bamuef {rF+ rCorr Str+2 Int+3}
 13132 | D:11     | Identified the +5 leather armour of Geonnex {-Cast rC++
                  | Regen+}
 13133 | D:11     | Identified the ring "Geplabur" {Dex+5 SInv}
 13711 | Lair:3   | Identified the +1 crystal plate armour of Cowardice {rC+
                  | Stlth+}
 13817 | Lair:3   | You fall into a shaft and drop 1 floor!
 14586 | Lair:4   | Reached skill level 5 in Throwing
 14594 | Lair:4   | Reached XP level 14. HP: 124/124 MP: 13/13
 14795 | Lair:4   | Found a staircase to the Shoals.
 15391 | Lair:3   | Received a gift from Trog
 15396 | Lair:3   | Reached skill level 1 in Polearms
 15537 | Snake:1  | Entered Level 1 of the Snake Pit
 15568 | Snake:1  | Reached skill level 15 in Shields
 16067 | Snake:1  | Noticed Aizul
 16075 | Snake:1  | Killed Aizul
 17030 | Snake:2  | Noticed Roxanne
 17068 | Snake:2  | Killed Roxanne
 17293 | Snake:2  | Noticed Louise
 17311 | Snake:2  | Killed from afar by Louise

Illustrated notes

Levels and vault maps discovered:
D:1:      lightli_arrival_quake, layout_rooms, ebering_ecumenical_altar_rust,
          minmay_hedge_maze
D:2:      layout_loops_corners, basic_altar, lemuel_old_faithful
D:3:      layout_rooms, serial_shops, shop, kennysheep_crisscross,
          hangedman_decor_growths, st_stairs_3, kennysheep_orc_chapel
D:4:      layout_basic, minmay_temple_entry_proselytizer, enter_ossuary_3,
          hangedman_abyss_or_decor_stagger, nicolae_shop_gadgets
D:5:      layout_basic, xom_teletrap_fun, nicolae_tso_carved_into_rock,
          hangedman_decor_lopped, uniq_grinder, uniq_menkaure, uniq_pikel
D:6:      layout_rooms, serial_corexii_hall, chequers_hall_statues_wall_a,
          corexii_hall_statues_i, corexii_hall_statues_l,
          corexii_hall_statues_t, uniq_maggie, uniq_prince_ribbit1,
          uniq_eustachio, uniq_crazy_yiuf_cottage
D:7:      layout_basic, mainiacjoe_overflow_paths, nicolae_take_the_stairs,
          serial_bayou_crossing, uniq_harold
D:8:      layout_basic, lemuel_coloured_pillars_altar
D:9:      layout_rooms, erik_orc_4
D:10:     layout_stronghold, dpeg_oklobed_lair, uniq_sonja
D:11:     cheibrodos_steamvent, layout_long_grid, minmay_st_funbox
Lair:1:   layout_regular_city, gammafunk_ghost_split
Lair:2:   layout_gridlike, guppyfry_snake_entry_island, serial_bayou,
          serial_bayou_pond_e, serial_bayou_pond_d, serial_bayou_pond_b,
          serial_bayou_shore_b, serial_bayou_shore_a, grunt_megastairs_4
Lair:3:   layout_misc_corridors, enter_volcano_3, infiniplex_staircase_pool_2
Lair:4:   layout_loops_ring, minmay_shoals_entry_lonely_mermaid,
          roderic_batcave, minmay_lair_oklob_bushes,
          grunt_forest_small_clearings
Snake:1:  layout_layer_cave, chequers_hall_statues_y, uniq_aizul
Snake:2:  layout_onion, uniq_louise, uniq_roxanne
Orc:1:    layout_caves, gammafunk_ghost_split, uniq_erica
Orc:2:    grunt_orc_community_town_hall, layout_diamond_mine,
          grunt_orc_community_big_house_1, grunt_orc_community_big_house_1,
          grunt_orc_community_house_1, grunt_orc_community_house_3,
          grunt_orc_community_house_2, grunt_orc_community_house_2,
          grunt_orc_community_house_1, gauntlet_entry_generic, uniq_snorg

Skill      XL: |  1  2  3  4  5  6  7  8  9 10 11 12 13 14 |
---------------+-------------------------------------------+-----
Axes           | 4 5 6 8 9 11 12 14 16 17 18 | 18.0
Fighting       | 4 5 6 7 8 9 11 12 | 12.3
Shields        | 1 2 3 5 6 8 10 11 14 16 | 16.6
Armour         | 3 4 6 7 8 9 10 11 | 11.3
Throwing       | 1 2 3 4 5 6 |  6.0
Polearms       | 4 |  4.9
Dodging        | |  2.3

Action                   |  1- 3 |  4- 6 |  7- 9 | 10-12 | 13-15 || total
-------------------------+-------+-------+-------+-------+-------++-------
Melee: Hand axe          |    81 |    45 |       |       |       ||   126
       Headbutt          |    12 |    21 |    36 |   112 |   154 ||   335
       War axe           |       |    82 |   140 |   172 |       ||   394
       Broad axe         |       |       |       |   332 |   494 ||   826
       Dagger            |       |       |       |     3 |       ||     3
       Trident           |       |       |       |     6 |   127 ||   133
Throw: Dart              |       |       |    14 |    50 |    26 ||    90
Invok: Berserk           |       |     2 |     6 |    14 |    11 ||    33
       Trog's Hand       |       |       |       |     5 |     3 ||     8
       Brothers in Arms  |       |       |       |     4 |     2 ||     6
Evoke: Wand              |       |       |       |     8 |     1 ||     9
  Use: Scroll            |       |       |       |     9 |       ||     9
       Potion            |       |       |       |     2 |       ||     2
 Stab: Distracted        |       |       |       |       |     1 ||     1
Armor: Animal skin       |     2 |       |       |       |       ||     2
       Ring mail         |     4 |       |       |       |       ||     4
       Scale mail        |    13 |    43 |    20 |       |       ||    76
       Acid dragon scale |       |       |    14 |     4 |       ||    18
       Plate armour      |       |       |       |   181 |    53 ||   234
       Crystal plate arm |       |       |       |       |   131 ||   131
Dodge: Dodged            |    40 |   104 |    74 |   147 |    76 ||   441
Block: Kite shield       |       |       |     6 |   322 |   202 ||   530
       Tower shield      |       |       |       |       |   218 ||   218

Table legend: (Time is in decaauts)
 A = Elapsed time spent in this place.
 B = Non-inter-level travel time spent in this place.
 C = Inter-level travel time spent in this place.
 D = Time resting spent in this place.
 E = Time spent auto-exploring this place.
 F = Levels seen in this place.
 G = Mean time per level.
                   A        B        C        D        E       F      G
               +--------+--------+--------+--------+--------+-----+--------+
         Total |  17560 |  16431 |   1129 |   1216 |  11219 |  20 |  878.0 |
       Dungeon |   9878 |   9005 |    873 |    440 |   6532 |  11 |  898.0 |
          Lair |   4083 |   3936 |    147 |    419 |   2707 |   4 | 1020.8 |
     Snake Pit |   1726 |   1673 |     53 |    191 |   1130 |   2 |  863.0 |
  Orcish Mines |   1656 |   1601 |     55 |    166 |    775 |   2 |  828.0 |
       Ossuary |    216 |    216 |      0 |      0 |     75 |   1 |  216.0 |
               +--------+--------+--------+--------+--------+-----+--------+

Top non-repeatable levels by time:
  Lair:2: 1353 daAuts
 Snake:1: 1236 daAuts
   Orc:2: 1228 daAuts
     D:9: 1213 daAuts
  Lair:4: 1211 daAuts
    D:10: 1155 daAuts
     D:2: 1070 daAuts
     D:5: 992 daAuts
     D:4: 983 daAuts
  Lair:1: 899 daAuts
     D:8: 847 daAuts
    D:11: 800 daAuts
     D:7: 761 daAuts
     D:6: 738 daAuts
     D:1: 727 daAuts
